 Dungeon Crawl Stone Soup version 0.28-a0-1389-gc726bef33b (webtiles) character file.

Game seed: 8020020642096398537

186 Deminshera the Sneak (level 5, 0/44 HPs)
             Began as a Merfolk Wanderer on Jan 3, 2022.
             Slain by an orc (1 damage)
             ... on level 3 of the Dungeon.
             The game lasted 00:02:24 (2550 turns).

Deminshera the Sneak (Merfolk Wanderer)             Turns: 2550, Time: 00:02:25

Health: 0/44       AC:  5    Str: 13    XL:     5   Next: 66%
Magic:  5/5        EV: 12    Int: 18    God:
Gold:   80         SH:  0    Dex: 14    Spells: 4/4 levels left

rFire   . . .      SeeInvis .   a - +3 dagger
rCold   . . .      Faith    .   (no shield)
rNeg    . . .      Spirit   .   f - +1 leather armour {rPois}
rPois   +          Reflect  .   m - +0 helmet
rElec   .          Harm     .   (no cloak)
rCorr   .          Rampage  .   (no gloves)
Will    .....                   (no boots)
Stlth   +++.......              (no amulet)
HPRegen 0.14/turn               e - ring of flight
MPRegen 0.09/turn               j - +6 ring of intelligence

@: flying
A: (nimble swimmer 2), mertail
a: no special abilities


You were on level 3 of the Dungeon.
You visited 1 branch of the dungeon, and saw 3 of its levels.

You collected 80 gold pieces.

Inventory:

Hand Weapons
 a - a +3 dagger (weapon)
 c - a +0 short sword
Armour
 f - a +1 leather armour of poison resistance (worn)
 m - a +0 helmet (worn)
Jewellery
 e - a ring of flight (left hand)
 j - a +6 ring of intelligence (right hand)
Scrolls
 g - a scroll of teleportation {unknown}
 h - a scroll of holy word {unknown}
 k - a scroll of noise {unknown}
Potions
 d - 2 potions of brilliance {unknown}
 i - a potion of haste {unknown}
 l - a potion of flight {unknown}


   Skills:
 + Level 5.2 Fighting
 + Level 4.0 Short Blades
 + Level 3.2 Dodging
 + Level 5.4 Stealth


You had 4 spell levels left.
You didn't know any spells.
Your spell library contained the following spells:

 Spells                   Type           Power      Damage    Failure   Level
 Passwall                 Tmut/Erth      0%         N/A       38%         2
 Swiftness                Air            0%         N/A       63%         3


Dungeon Overview and Level Annotations

Branches:
Dungeon (3/15)

Altars:
Makhleb
Qazlal
Vehumet


Innate Abilities, Weirdness & Mutations

((You are very nimble when in or above water. (Stealth+, EV+, Speed+++)))
Your lower body shifts to a powerful aquatic tail in water.


Message History

You are too confused!
You are too confused!
You are too confused!
You are too confused!
You are too confused!
You are too confused!
You are too confused!
You are too confused!
You are too confused!
You are too confused!
You are too confused!
You are too confused!
You are too confused!
You are too confused!
You barely miss the orc wizard.
The orc wizard is severely wounded.
You barely miss the orc wizard.
The orc wizard is severely wounded.
The orc wizard hits you but does no damage.
You closely miss the orc wizard.
The orc wizard is severely wounded.
The orc wizard points at you and mumbles some strange words.
The magic dart hits you!
You miss the orc wizard.
The orc wizard is severely wounded.
You hit the orc wizard.
The orc wizard is severely wounded.
The orc hits you with a +0 vorpal flail!
You bump into the rock wall.
You feel less confused.
The orc wizard hits you but does no damage.
The orc hits you with a +0 vorpal flail.
You closely miss the orc wizard.
The orc wizard is severely wounded.
The orc wizard points at you and mumbles some strange words.
The puff of flame hits you!
* * * LOW HITPOINT WARNING * * *
The orc hits you with a +0 vorpal flail.
* * * LOW HITPOINT WARNING * * *
You die...

#... #... ######### ..^#
#........ #### ### ...#
#w....... ...##.. #..###........
#..#.#####..##........
#...........#........
#######..######......o....
#.........@##...#.........
#.........ooSw###......... #####
#.>........#### #.........
....###..........# #.........
♣♣...######..###########..##....
#♣..#####...####.......... ....
♣.........##....#######... ..
#♣....####.##..<.###
♣♣.............##...# #######


You could see an orc wizard, an adder, a dart slug and an orc.

Vanquished Creatures
  An ogre (D:3)
  A crimson imp (D:3)
  3 adders
  A dart slug (D:1)
  2 orcs (D:3)
  4 endoplasms
  2 giant cockroaches (D:1)
  2 goblins (D:3)
  A hobgoblin (D:1)
  3 jackals (D:3)
  2 quokkas
  4 ball pythons
  6 bats
  A frilled lizard (D:2)
  5 kobolds
  5 rats
43 creatures vanquished.

Notes
Turn   | Place    | Note
-------+----------+-------------------------------------------
     0 | D:1      | Deminshera the Merfolk Wanderer began the quest for the
                  | Orb.
     0 | D:1      | Deminshera set off with the following items: a +3 dagger, a
                  | potion of invisibility, a +0 short sword, a +0 robe
     0 | D:1      | Reached XP level 1. HP: 20/20 MP: 1/1
   228 | D:1      | Reached XP level 2. HP: 26/26 MP: 2/2
   258 | D:1      | Reached skill level 1 in Dodging
   685 | D:2      | Reached XP level 3. HP: 31/31 MP: 3/3
   947 | D:2      | Found a faded altar of an unknown god.
  1130 | D:2      | Found a stormy altar of Qazlal.
  1891 | D:3      | Noticed an ogre
  1927 | D:3      | Killed an ogre
  1928 | D:3      | Reached skill level 5 in Fighting
  1928 | D:3      | Reached skill level 5 in Stealth
  1928 | D:3      | Reached XP level 4. HP: 20/39 MP: 4/4
  1928 | D:3      | Reached XP level 5. HP: 23/44 MP: 5/5
  2336 | D:3      | Found a burning altar of Makhleb.
  2337 | D:3      | Found a radiant altar of Vehumet.
  2550 | D:3      | HP: 1/44 [orc (5)]
  2550 | D:3      | Slain by an orc

Illustrated notes

Levels and vault maps discovered:
D:1:      minmay_arrival_doors, layout_basic, bh_walls_and_bars
D:2:      layout_basic, basic_altar, shapermc_ecumenical_altar_mp_ritualfount
D:3:      layout_rooms, grunt_temple_overflow_lords_of_destruction,
          interstate_on_off, minmay_stone_trees_small, hex_intersection,
          chequers_arboretum, minmay_misc_feat_roman

Skill      XL: |  1  2  3  4  5 |
---------------+----------------+-----
Dodging        | 1 2 3 |  3.2
Short Blades   | 3 4 |  4.0
Fighting       | 5 |  5.2
Stealth        | 5 |  5.4

Action                   |  1- 3 |  4- 6 || total
-------------------------+-------+-------++-------
Melee: Dagger            |    92 |    54 ||   146
  Use: Potion            |     1 |       ||     1
 Stab: Sleeping          |     8 |     1 ||     9
       Invisible         |     1 |       ||     1
Armor: Robe              |     1 |       ||     1
       Leather armour    |    29 |    12 ||    41
Dodge: Dodged            |    56 |    17 ||    73

Table legend: (Time is in decaauts)
 A = Elapsed time spent in this place.
 B = Non-inter-level travel time spent in this place.
 C = Inter-level travel time spent in this place.
 D = Time resting spent in this place.
 E = Time spent auto-exploring this place.
 F = Levels seen in this place.
 G = Mean time per level.
                   A        B        C        D        E       F      G
               +--------+--------+--------+--------+--------+-----+--------+
         Total |   2525 |   2505 |     20 |    548 |   1563 |   3 |  841.7 |
       Dungeon |   2525 |   2505 |     20 |    548 |   1563 |   3 |  841.7 |
               +--------+--------+--------+--------+--------+-----+--------+

Top non-repeatable levels by time:
     D:3: 1026 daAuts
     D:2: 820 daAuts
     D:1: 677 daAuts
